AoeStats
← _YuX_

Arabian Desert

509877525Analyzed
1v1 RM · 3d ago on Sep 28, 2026· 39m 59s· 2 players
Game mode
Random Map
Map size
Tiny (2 player)
Population
200
Speed
Normal
Resources
Standard
Victory
Conquest
Starting age
Dark Age
Ending age
Imperial Age
RankedLock teamsTeams togetherTeam positionsShared explorationLock speedFull tech treeHidden civsTurbo modeCheats
Victory
Defeat
🇺🇿 Japanese · Uzbekistan
1378
+19
🇦🇷 Vikings · Argentina
1434
-19
RedLeader
6:47 Loom
8:58 Feudal Age
9:26 Double-Bit Axe
9:16 Man-at-Arms
14:11 Fletching
16:37 Wheelbarrow
21:11 Castle Age
20:14 Arson
21:50 Scale Barding Armor
21:16 Crossbowman
22:09 Bodkin Arrow
22:38 Scale Barding Armor
23:18 Gold Mining
26:38 Sanctity
27:31 Fervor
28:59 Stone Mining
31:18 Treadmill Crane
32:20 Gold Shaft Mining
33:28 Ballistics
34:15 Bloodlines
38:36 Scale Mail Armor
38:24 Gambesons
38:40 Squires
38:42 Guard Tower
_YuX_
7:17 Loom
10:36 Feudal Age
14:56 Castle Age
23:23 Padded Archer Armor
26:43 Double-Bit Axe
28:01 Fletching
32:12 Scale Mail Armor
33:47 Chain Mail Armor
Connection lost

Rejoining the realm…

Still unreachable

The connection could not be restored.

Session expired

The server has moved on; the page needs a fresh start.